 Dungeon Crawl Stone Soup version 0.23.0-42-geed6394 (webtiles) character file.

Game seed: 3567677017514677668

73087 Lavandula the Fencer (level 15, -10/121 HPs)
             Began as a Vine Stalker Fighter on Feb 28, 2019.
             Was an Initiate of Gozag.
             Mangled by a caustic shrike (18 damage)
             ... on level 1 of the Depths.
             The game lasted 00:52:09 (16112 turns).

Lavandula the Fencer (Vine Stalker Fighter)        Turns: 16112, Time: 00:52:10

Health: -10/121    AC: 19    Str: 22    XL:     15   Next: 42%
Magic:  0/19       EV:  9    Int: 10    God:    Gozag
Gold:   344        SH:  0    Dex: 18    Spells: 8/14 levels left

rFire    + . .     SeeInvis +   a - +1 great sword (elec)
rCold    + + +     Gourm    .   (shield currently unavailable)
rNeg     . . .     Faith    .   h - +7 plate armour of Love and Death {rElec rC++ rCorr Stlth+}
rPois    +         Spirit   +   n - +2 helmet {SInv}
rElec    +         Reflect  .   B - scarf {rC+ rF+}
rCorr    +         Harm     .   S - +1 pair of gloves
MR       +....                  (no boots)
Stlth    ..........             y - amulet of regeneration
HPRegen  1.50/turn              V - ring of Midnight {rElec rC+++ Str-4 Int+2 SInv}
MPRegen  0.16/turn              C - ring of poison resistance

@: berserking, corroded, very quick
A: fangs 3, regeneration 2, magic shield, antimagic bite, no potion heal 3, rot
immunity
a: Potion Petition, Call Merchant, Bribe Branch, Renounce Religion


You were on level 1 of the Depths.
You worshipped Gozag.
Gozag was aware of your devotion.
You were not hungry.

You visited 3 branches of the dungeon, and saw 18 of its levels.

You collected 4767 gold pieces.
You spent 2175 gold pieces at shops.
You paid 2248 gold pieces to Gozag.

Inventory:

Hand Weapons
 a - a +1 great sword of electrocution (weapon)
 e - a +2 short sword of speed
 t - a +2 dagger of electrocution
 G - the +5 sword of Power
   (You bought it in a shop on level 7 of the Dungeon)
Missiles
 I - 21 tomahawks (quivered)
 J - 2 tomahawks of returning
Armour
 c - a +2 leather armour of fire resistance
 h - the +7 plate armour of Love and Death (worn) {rElec rC++ rCorr Stlth+}
   (You bought it in a shop on level 15 of the Dungeon)

   It greatly protects you from cold.
   It insulates you from electricity.
   It provides partial protection from all sources of acid and corrosion.
   It makes you more stealthy.
 n - a +2 helmet of see invisible (worn)
 B - a scarf of resistance (worn)
 S - a +1 pair of gloves (worn)
 W - a +2 robe of resistance
Jewellery
 x - an uncursed ring of protection from magic
 y - an amulet of regeneration (around neck)
 C - a ring of poison resistance (right hand)
 E - an uncursed ring of stealth
 V - the ring of Midnight (left hand) {rElec rC+++ Str-4 Int+2 SInv}
   (You bought it in a shop on level 4 of the Dungeon)

   [ring of intelligence]

   It affects your strength (-4).
   It affects your intelligence (+2).
   It renders you almost immune to cold.
   It insulates you from electricity.
   It lets you see invisible.
Wands
 p - a wand of disintegration (3)
 K - a wand of digging (6)
 L - a wand of iceblast (20)
 T - a wand of acid (9)
 X - a wand of flame (12)
Scrolls
 b - a scroll of summoning
 i - 7 scrolls of amnesia
 m - 7 scrolls of remove curse
 o - 7 scrolls of immolation
 q - 2 scrolls of enchant weapon
 s - a scroll of fog
 v - 6 scrolls of teleportation
 A - a scroll of vulnerability
 D - a scroll of blinking
 N - 4 scrolls of magic mapping
 O - a scroll of brand weapon
 U - 2 scrolls of identify
Potions
 d - 4 potions of flight
 g - 8 potions of curing
 j - 2 potions of mutation
 k - a potion of berserk rage
 r - a potion of cancellation
 w - a potion of resistance
 z - a potion of brilliance
 F - 4 potions of heal wounds
 M - a potion of ambrosia
 P - 2 potions of lignification
 R - 2 potions of might
Comestibles
 f - 18 rations


   Skills:
 + Level 10.8 Fighting
 - Level 16.0 Long Blades
 - Level 10.3 Armour
 - Level 4.0 Dodging
   Level 4.0 Shields
 - Level 5.3 Transmutations
 - Level 6.2 Earth Magic
 - Level 5.3 Evocations


You had 8 spell levels left.
You knew the following spells:

 Your Spells              Type           Power        Failure   Level  Hunger
a - Statue Form           Tmut/Erth      ##.......    100%        6    #######

Your spell library contained the following spells:

 Spells                   Type           Power        Failure   Level  Hunger
 Stone Arrow              Conj/Erth      #.....       99%         3    ####...
 Leda's Liquefaction      Hex/Erth       #.........   100%        4    #####..
 Iron Shot                Conj/Erth      #.........   100%        6    #######


Dungeon Overview and Level Annotations

Branches:
Dungeon (15/15)            Temple (1/1) D:4            Lair (0/6) D:8
    Orc (0/2) D:11         Vaults (0/5) D:14         Depths (2/5) D:15

Altars:
Ashenzari
Cheibriados
Dithmenos
Elyvilon
Fedhas
Gozag
Hepliaklqana
Kikubaaqudgha
Makhleb
Nemelex Xobeh
Okawaru
Qazlal
Ru
Uskayaw
Xom
Yredelemnul
Zin
The Shining One

Shops:
D:4 =   D:7 (   D:14 *   D:15 [

Portals:
Hell: Depths:1
Abyss: Depths:1
Trove: D:15 (give +4 ice dragon scales)

Annotations:
D:8 exclusion: downstairs
D:10 3 runed translucent doors, Miggles's ghost, novice OpWz
D:11 exclusion: downstairs
D:13 2 transporters, Baril's ghost, journeyman DEWz


Innate Abilities, Weirdness & Mutations

You have razor-sharp teeth.
You heal very quickly.
When hurt, damage is shared between your health and your magic reserves.
Your bite disrupts and absorbs the magic of your enemies.
Potions cannot restore your health.
You are immune to rotting.


Message History

* * * LOW HITPOINT WARNING * * *
You are splashed with acid.
You resist.
* * * LOW HITPOINT WARNING * * *
The caustic shrike claws you but does no damage.
You closely miss the caustic shrike. Your bite misses the caustic shrike.
The caustic shrike is moderately wounded.
The caustic shrike closely misses you.
Unknown command.
You closely miss the caustic shrike. You bite the caustic shrike!
You drain its power.
You feel invigorated.
The caustic shrike is moderately wounded.
The caustic shrike claws you.
* * * LOW HITPOINT WARNING * * *
You are splashed with acid.
You resist.
* * * LOW HITPOINT WARNING * * *
You slice the caustic shrike!!
The caustic shrike is heavily wounded.
The caustic shrike claws you!!
You die...
Your body crumbles into a pile of gold.

#......########......#......###
#..##..##......###...#.........
#..##..)'...##....#####..(.....
#..##..##...##.......##.....#..
#..##..##...'........##.....##.
#......##...##..............##.
#......####'#######...#........
#..##..##...##.b.#..##.........
#..######...#.@..###........##.
#...........+....#...#......##.
#...........#....#...#.........
#.............#...#...#........
#..######..#..#...#...#.....##.
#..##..##..##..#..!#.##.....##.
#>.............#...#.#......##.
#................##..#.......#.
#..#...........##....#.......+.


You could see a caustic shrike.

Vanquished Creatures
  A lich (Depths:1)
  A sphinx (Depths:1)
  A tengu reaver (Depths:1)
  Roxanne (D:15)
  An ironheart preserver (D:14)
  4 stone giants
  Nessos (D:12)
  Josephine (D:11)
  An ettin (D:15)
  4 ogre magi
  Harold (D:11)
  A hydra (D:14)
  An ice dragon (Depths:1)
  A catoblepas (D:15)
  6 centaur warriors
  A death knight (D:11)
  17 two-headed ogres
  A deep troll shaman (D:14)
  3 tengu warriors
  3 deep trolls
  A deep elf archer (D:15)
  2 orc knights
  A phantasmal warrior (D:12)
  A wolf spider (D:15)
  A deep elf mage (D:15)
  A necromancer (Depths:1)
  3 cyclopes
  A wolf spider zombie (D:15)
  8 ugly things
  2 manticores (D:14)
  Maurice (D:10)
  A fire giant skeleton (Depths:1)
  A frost giant skeleton (Depths:1)
  4 centaur skeletons
  2 gargoyles
  A yaktaur zombie (Depths:1)
  4 freezing wraiths
  A komodo dragon (D:15)
  6 yaktaurs (Depths:1)
  3 trolls
  2 jumping spiders (shapeshifter)
  A merfolk (D:9)
  2 hornets
  Grinder (D:6)
  2 hippogriffs
  A spriggan zombie (Depths:1)
  An ice dragon zombie (Depths:1)
  7 slime creatures
  A wyvern (D:14)
  11 wraiths
  18 yaks
  3 water elementals
  2 hungry ghosts
  7 vampire mosquitoes
  An acid dragon (D:11)
  A soldier ant (D:14)
  A soldier ant (shapeshifter) (D:14)
  4 water moccasins
  3 ice beasts
  11 orc warriors
  4 porcupines (D:8)
  4 black bears
  3 sky beasts
  A swamp drake (D:11)
  An eye of draining (D:11)
  2 phantoms
  16 ogres
  7 centaurs
  2 crocodiles
  A big kobold (D:9)
  9 bullfrogs
  A wyvern zombie (D:11)
  6 scorpions
  A wyvern skeleton (D:14)
  10 killer bees
  9 wights
  7 howler monkeys
  An electric eel (D:14)
  6 crimson imps
  2 centaur zombies
  6 hounds
  2 quasits
  A wyvern simulacrum (D:14)
  A bullfrog zombie (D:9)
  3 jellies
  8 orc priests
  3 iguanas
  Ijyb (D:3)
  23 orc wizards
  5 worker ants
  A hound skeleton (D:8)
  A howler monkey zombie (D:5)
  9 gnolls
  11 adders
  5 shadow imps
  3 adder skeletons
  2 adder zombies (D:7)
  A worm (D:5)
  A dart slug (D:1)
  13 leopard geckos
  50 orcs
  A ball python (D:7)
  5 bats
  4 giant cockroaches
  8 goblins
  4 hobgoblins
  4 jackals (D:5)
  9 kobolds
  4 quokkas
  4 frilled lizards
  A jackal skeleton (D:4)
  A jackal zombie (D:6)
  A leopard gecko skeleton (D:4)
  A quokka zombie (D:6)
  8 rats
474 creatures vanquished.

Vanquished Creatures (others)
  A human (D:8)
  35 fungi (D:8)
  10 plants (D:8)
46 creatures vanquished.

Grand Total: 520 creatures vanquished

Notes
Turn   | Place    | Note
-------+----------+-------------------------------------------
     0 | D:1      | Lavandula the Vine Stalker Fighter began the quest for the
                  | Orb.
     0 | D:1      | Reached XP level 1. HP: 11/11 MP: 2/2
    87 | D:1      | Reached skill level 2 in Long Blades
   160 | D:1      | Reached XP level 2. HP: 15/16 MP: 3/3
   530 | D:1      | Reached skill level 3 in Long Blades
   753 | D:2      | Reached XP level 3. HP: 19/19 MP: 4/4
   971 | D:2      | Found a faded altar of an unknown god.
  1375 | D:3      | Noticed Ijyb
  1396 | D:3      | Killed Ijyb
  1396 | D:3      | Gained mutation: Your natural rate of healing is unusually
                  | fast. [Vine Stalker growth]
  1396 | D:3      | Reached XP level 4. HP: 19/23 MP: 3/5
  1576 | D:3      | Found a shadowy altar of Dithmenos.
  1609 | D:3      | Reached skill level 4 in Long Blades
  1755 | D:4      | Found Equ Wupn's Jewellery Shoppe.
  1782 | D:4      | Reached XP level 5. HP: 24/27 MP: 6/6
  1797 | D:3      | HP: 1/27 [howler monkey (1)]
  1798 | D:3      | Reached XP level 6. HP: 1/32 MP: 0/7
  1895 | D:4      | Reached skill level 5 in Long Blades
  2091 | D:4      | Found a staircase to the Ecumenical Temple.
  2166 | Temple   | Entered the Ecumenical Temple
  2261 | Temple   | Became a worshipper of Gozag Ym Sagoz the Greedy
  2473 | D:4      | Reached skill level 6 in Long Blades
  2473 | D:4      | Reached XP level 7. HP: 21/35 MP: 5/8
  2620 | D:4      | Found a sacrificial altar of Ru.
  2882 | D:5      | Entered Level 5 of the Dungeon
  3210 | D:5      | Reached skill level 7 in Long Blades
  3620 | D:5      | Found a stormy altar of Qazlal.
  3635 | D:5      | Gained mutation: You have razor-sharp teeth. [Vine Stalker
                  | growth]
  3635 | D:5      | Reached XP level 8. HP: 39/39 MP: 9/9
  3911 | D:5      | Reached skill level 8 in Long Blades
  4079 | D:6      | Reached skill level 9 in Long Blades
  4189 | D:6      | Noticed Grinder
  4196 | D:6      | Killed Grinder
  4477 | D:6      | Reached skill level 10 in Long Blades
  4477 | D:6      | Reached XP level 9. HP: 43/43 MP: 10/10
  4911 | D:7      | Noticed a hornet
  4920 | D:7      | Killed a hornet
  5009 | D:7      | Found a burning altar of Makhleb.
  5093 | D:7      | Reached skill level 11 in Long Blades
  5483 | D:8      | Noticed a two-headed ogre
  5543 | D:8      | Killed a two-headed ogre
  5543 | D:8      | Reached skill level 12 in Long Blades
  5543 | D:8      | Reached XP level 10. HP: 34/47 MP: 11/11
  5647 | D:8      | Found an ancient bone altar of Kikubaaqudgha.
  6037 | D:8      | Reached skill level 1 in Dodging
  6120 | D:8      | Found a staircase to the Lair.
  6614 | D:9      | Noticed a two-headed ogre
  6640 | D:9      | Killed a two-headed ogre
  6911 | D:9      | Reached skill level 5 in Armour
  7025 | D:9      | Reached XP level 11. HP: 36/51 MP: 12/12
  7162 | D:9      | Found a shimmering altar of Xom.
  7285 | D:10     | Entered Level 10 of the Dungeon
  7427 | D:10     | Noticed Maurice
  7558 | D:10     | Killed Maurice
  7624 | D:7      | Bought the +0 sword of Power for 800 gold pieces
  7624 | D:7      | Found the +0 sword of Power
  8108 | D:10     | Found a runed translucent gate.
  8108 | D:10     | Found a runed translucent gate.
  8108 | D:10     | Found a runed translucent gate.
  8108 | D:10     | Noticed Miggles's ghost (novice OpWz)
  8219 | D:11     | Noticed Harold
  8227 | D:11     | Killed Harold
  8227 | D:11     | Reached skill level 13 in Long Blades
  8434 | D:11     | Noticed a red ugly thing
  8440 | D:11     | Noticed a cyclops
  8544 | D:11     | Killed a cyclops
  8617 | D:11     | Found a glowing golden altar of the Shining One.
  8688 | D:11     | Found a staircase to the Orcish Mines.
  8834 | D:11     | Killed a red ugly thing
  8834 | D:11     | Reached skill level 1 in Evocations
  9112 | D:12     | Noticed Josephine
  9114 | D:12     | Noticed a death knight
  9116 | D:12     | Noticed a cyclops
  9144 | D:12     | Noticed Nessos
  9144 | D:12     | Noticed a centaur warrior
  9264 | D:11     | Killed Josephine
  9321 | D:11     | HP: 1/51 [freezing wraith[a death knight] (3)]
  9425 | D:11     | Reached skill level 5 in Evocations
  9435 | D:11     | Gained mutation: You heal very quickly. [Vine Stalker
                  | growth]
  9435 | D:11     | Reached XP level 12. HP: 25/56 MP: 15/16
  9661 | D:11     | Killed a death knight
  9761 | D:12     | Reached skill level 14 in Long Blades
  9850 | D:12     | HP: 2/56 [centaur warrior (3)]
  9851 | D:12     | Killed a centaur warrior
  9993 | D:12     | Noticed a death knight
 10443 | D:12     | Reached skill level 5 in Fighting
 10532 | D:12     | Killed Nessos
 10618 | D:13     | Found a transporter.
 10851 | D:13     | Found a transporter.
 10851 | D:13     | Noticed Baril's ghost (journeyman DEWz)
 11241 | D:14     | Found Vanipe's Changing Room.
 11292 | D:14     | Bought a potion of lignification for 36 gold pieces
 11415 | D:14     | Found a gate to the Vaults.
 11415 | D:14     | Noticed an ironheart preserver
 11435 | D:14     | Killed an ironheart preserver
 11527 | D:14     | Reached XP level 13. HP: 62/69 MP: 17/17
 11566 | D:15     | Entered Level 15 of the Dungeon
 11918 | D:14     | Found a white marble altar of Elyvilon.
 12084 | D:15     | Reached skill level 15 in Long Blades
 12937 | D:4      | Bought the ring of Midnight {rElec rC+++ Str-4 Int+2 SInv}
                  | for 523 gold pieces
 13193 | D:15     | Reached skill level 16 in Long Blades
 13199 | D:15     | Noticed an ettin
 13252 | D:15     | Killed an ettin
 13280 | D:15     | Reached skill level 10 in Fighting
 13280 | D:15     | Reached XP level 14. HP: 77/77 MP: 18/18
 13315 | D:15     | Identified Roxanne's Collected Works on Stones
 13315 | D:15     | Noticed Roxanne
 13750 | D:15     | Found a staircase to the Depths.
 14097 | D:15     | Found a portal to a secret trove of treasure.
 14157 | D:15     | Killed Roxanne
 14177 | D:15     | Learned a level 6 spell: Statue Form
 14208 | Depths:1 | Entered Level 1 of the Depths
 14285 | D:15     | Reached skill level 1 in Transmutations
 14419 | D:15     | Reached skill level 1 in Earth Magic
 14525 | Depths:1 | Noticed a stone giant
 14534 | Depths:1 | Killed a stone giant
 14565 | D:15     | Bought a shiny helmet for 172 gold pieces
 14599 | Depths:1 | Noticed a stone giant
 14627 | D:15     | Killed a stone giant
 14932 | Depths:1 | Reached skill level 5 in Earth Magic
 15046 | Depths:1 | Noticed a lich
 15052 | Depths:1 | Killed a lich
 15052 | Depths:1 | Reached skill level 5 in Transmutations
 15118 | D:15     | Bought an ichor-stained plate armour for 644 gold pieces
 15128 | D:15     | Identified the +7 plate armour of Love and Death {rElec
                  | rC++ rCorr Stlth+} (You bought it in a shop on level 15 of
                  | the Dungeon)
 15150 | Depths:1 | Noticed a sphinx
 15157 | Depths:1 | Noticed a tengu reaver
 15161 | Depths:1 | Killed a sphinx
 15192 | Depths:1 | Killed a tengu reaver
 15192 | Depths:1 | Reached XP level 15. HP: 44/80 MP: 19/19
 15243 | Depths:1 | Found a gateway to Hell.
 15537 | Depths:1 | Reached skill level 10 in Armour
 15655 | Depths:1 | Found a one-way gate to the infinite horrors of the Abyss.
 16099 | Depths:2 | Noticed a caustic shrike
 16099 | Depths:2 | Noticed a lich
 16112 | Depths:1 | Mangled by a caustic shrike

Skill      XL: |  1  2  3  4  5  6  7  8  9 10 11 12 13 14 15 |
---------------+----------------------------------------------+-----
Long Blades    | 2 3 4 6 7 10 12 13 14 16 | 16.0
Shields        | 3 4 |  4.0
Dodging        | 4 |  4.0
Armour         | 5 6 9 10 | 10.3
Evocations     | 5 |  5.3
Fighting       | 8 10 | 10.8
Transmutations | 5 |  5.3
Earth Magic    | 6 |  6.2

Action                   |  1- 3 |  4- 6 |  7- 9 | 10-12 | 13-15 || total
-------------------------+-------+-------+-------+-------+-------++-------
Melee: Long sword        |   120 |   110 |   315 |   260 |       ||   805
       Bite              |    41 |    29 |   104 |   292 |   332 ||   798
       Great sword       |       |       |       |   414 |   629 ||  1043
Throw: Tomahawk          |       |     2 |    12 |    38 |     9 ||    61
       Throwing net      |       |       |       |     2 |     7 ||     9
Invok: Potion Petition   |       |       |     1 |     1 |       ||     2
       Call Merchant     |       |       |     1 |       |     1 ||     2
Evoke: Wand              |       |       |     7 |    19 |    15 ||    41
  Use: Potion            |       |     1 |       |     2 |     1 ||     4
       Scroll            |       |       |    10 |    13 |     7 ||    30
 Stab: Paralysed         |       |       |     7 |     3 |       ||    10
       Distracted        |       |       |       |     3 |     3 ||     6
       Held in net/web   |       |       |       |       |     3 ||     3
  Eat: Chunk             |     2 |     3 |       |       |       ||     5
       Ration            |       |       |     3 |     6 |     6 ||    15
Armor: Scale mail        |    44 |    39 |    96 |    33 |       ||   212
       Plate armour      |       |       |       |   330 |   419 ||   749
Dodge: Dodged            |    42 |    36 |    98 |   240 |   196 ||   612
Block: Shield            |    34 |       |       |       |       ||    34
       Buckler           |    15 |    34 |    61 |    63 |       ||   173
       Rpst.: Long sword |    14 |     9 |    17 |    23 |       ||    63
       Great sword       |       |       |       |    54 |    50 ||   104
